 Dungeon Crawl Stone Soup version 0.27.1-1-g398f81649c (webtiles) character file.

Game seed: 8281364793590148908

4 ZARRMARR the Stinger (level 1, 0/11 HPs)
             Began as an Octopode Venom Mage on Sept 7, 2021.
             Slain by a jackal (2 damage)
             ... on level 1 of the Dungeon.
             The game lasted 00:00:57 (312 turns).

ZARRMARR the Stinger (Octopode Venom Mage)           Turns: 312, Time: 00:00:58

Health: 0/11       AC:  1    Str:  7    XL:     1   Next: 70%
Magic:  1/3        EV: 13    Int: 17    God:
Gold:   12         SH:  0    Dex: 12    Spells: 3/4 levels left

rFire    . . .     SeeInvis .   (no weapon)
rCold    . . .     Faith    .   (no shield)
rNeg     . . .     Spirit   .   (helmet restricted)
rPois    .         Reflect  .   (no amulet)
rElec    .         Harm     .   (no ring)
rCorr    .         Rampage  .   (no ring)
Will     .....                  (no ring)
Stlth    +++.......             (no ring)
HPRegen  0.03/turn              (no ring)
MPRegen  0.08/turn              (no ring)
                                (no ring)
                                (no ring)

@: no status effects
A: almost no armour, amphibious, 8 rings, camouflage 1, gelatinous body 1,
(nimble swimmer 1), tentacles
a: no special abilities


You were on level 1 of the Dungeon.
You visited 1 branch of the dungeon, and saw 1 of its levels.

You collected 12 gold pieces.

Inventory:

Scrolls
 a - 2 scrolls of fear {unknown}
 b - a scroll of silence {unknown}


   Skills:
 + Level 0.2 Fighting
 + Level 2.1 Dodging
 + Level 2.8 Stealth
 + Level 2.0 Spellcasting
 - Level 1.0 Transmutations
 + Level 3.7 Poison Magic


You had 3 spell levels left.
You knew the following spells:

 Your Spells              Type           Power      Damage    Failure   Level
a - Sting                 Tmut/Pois      36%        1d4       8%          1

Your spell library contained the following spells:

 Spells                   Type           Power      Damage    Failure   Level
 Poisonous Vapours        Pois/Air       16%        N/A       14%         2
 Mephitic Cloud           Conj/Pois/Air  5%         N/A       34%         3
 Olgreb's Toxic Radiance  Pois           14%        N/A       38%         4


Dungeon Overview and Level Annotations

Branches:
Dungeon (1/15)

Altars:


Innate Abilities, Weirdness & Mutations

You cannot wear most types of armour.
You are amphibious.
You can wear up to eight rings at the same time.
Your skin changes colour to match your surroundings (Stealth+).
Your rubbery body absorbs attacks. (AC +1, EV +1)
((You are camouflaged near water. (Stealth+)))
You have tentacles for arms and can constrict up to eight enemies at once.


Message History

A jackal comes into view.
A jackal comes into view.
A jackal comes into view.
The jackal barks!
Casting: Sting (safe; 8% risk of failure)
Confirm with . or Enter, or press ? or * to list all spells.
Aiming: Sting (safe; 8% risk of failure)
Press: ? - help, Shift-Dir - straight line, f - jackal
Aim: a jackal (60% to hit)
The sting misses the jackal.
The jackal barks! x2
Unknown command.
Casting: Sting (safe; 8% risk of failure)
Confirm with . or Enter, or press ? or * to list all spells.
Aiming: Sting (safe; 8% risk of failure)
Press: ? - help, Shift-Dir - straight line, f/p - jackal
Aim: a jackal (60% to hit)
You miscast Sting.
You are very lightly contaminated with residual magic.
Nothing appears to happen.
The jackal bites you but does no damage.
The jackal closely misses you. The jackal barely misses you.
The jackal barely misses you. The jackal closely misses you.
The jackal bites you. The jackal bites you.
Your magical contamination has completely faded away.
You tentacle-slap the jackal but do no damage.
You grab the jackal. Your squeeze misses the jackal.
You constrict the jackal, but do no damage.
The jackal bites you. The jackal barely misses you. x2
The jackal closely misses you.
You tentacle-slap the jackal but do no damage.
You constrict the jackal. The jackal misses you. The jackal bites you.
You tentacle-slap the jackal but do no damage.
The jackal is moderately wounded.
You constrict the jackal. The jackal bites you.
* * * LOW HITPOINT WARNING * * *
The jackal closely misses you. The jackal bites you.
You die...

.#.# #..# ....
.#.######..##
#####.#
.#..........# #
.#..........#
.#..........######.#
.
.#.######+#.'.......
.. '#.###
#.######.#### ...
.....# #......# #..
.. .....# ###..#@#
#.##.#### .....#
#..hh###........
.....#
#...hh........#
.....#
#.............#
+#+###
###...........#
#..######..## #..#
..# ....# .# ####..
.


You could see 4 jackals.

Vanquished Creatures
  An endoplasm (D:1)
  A giant cockroach (D:1)
  A hobgoblin (D:1)
  A kobold (D:1)
4 creatures vanquished.

Notes
Turn   | Place    | Note
-------+----------+-------------------------------------------
     0 | D:1      | ZARRMARR the Octopode Venom Mage began the quest for the
                  | Orb.
     0 | D:1      | Reached XP level 1. HP: 11/11 MP: 3/3
   312 | D:1      | Slain by a jackal

Illustrated notes

Levels and vault maps discovered:
D:1:      shiori_shiawase, layout_basic, grunt_decor_arrowhead, hex_large,
          grunt_decor_fettered

Action                   || total
-------------------------++-------
Melee: Unarmed           ||     5
       Constrict         ||     2
 Cast: Sting             ||     8
Armor: Skin              ||     1
Dodge: Dodged            ||    10
